 Dungeon Crawl Stone Soup version 0.20-a0-553-g9f38e11 (webtiles) character file.

2239149 kuniqs the Slayer (level 27, 237/237 HPs)
             Began as a Demonspawn Berserker on Feb 3, 2017.
             Was a High Priest of Trog.
             Escaped with the Orb
             ... and 4 runes on Feb 7, 2017!
             The game lasted 04:12:20 (78322 turns).

kuniqs the Slayer (Demonspawn Berserker)           Turns: 78322, Time: 04:12:21

Health: 237/237    AC: 18    Str: 33    XL:     27
Magic:  23/23      EV: 37    Int: 12    God:    Trog [*****.]
Gold:   7135       SH: 34    Dex: 27    Spells: 26/26 levels left

rFire    + + .     SeeInvis +   N - +9 blowgun
rCold    + + +     Gourm    .   J - +4 swamp dragon scales
rNeg     . . .     Faith    .   V - +3 large shield "Fiavej" {rC+ Str+4}
rPois    +         Spirit   +   (helmet unavailable)
rElec    +         Reflect  +   l - +2 cloak {rC+}
rCorr    +         Harm     .   (gloves unavailable)
MR       ++...     Rnd*Rage +   (boots unavailable)
Stlth    +.........             L - +5 amulet of reflection
Regen    0.5/turn               f - ring of Makhleb's Delight {rF+ Str+4 Stlth+}
                                X - ring of the Mackerel {+Fly rElec Dex+2 SInv}

@: mighty, agile, resistant, very slightly contaminated, hasted, very quick
A: claws 3, horns 3, talons 3, berserk 1, cold resistance 1, demonic guardian 3,
passive freeze, magic shield, magic regeneration, magic link, freezing cloud
immunity
0: Orb of Zot
}: 4/15 runes: decaying, serpentine, slimy, silver
a: Berserk, Trog's Hand, Brothers in Arms, Burn Spellbooks, Renounce Religion,
Evoke Flight


You escaped.
You worshipped Trog.
Trog was extremely pleased with you.
You were not hungry.

You visited 12 branches of the dungeon, and saw 58 of its levels.
You also visited: Ice Cave and Volcano.

You collected 9457 gold pieces.
You spent 2322 gold pieces at shops.

Inventory:

Hand Weapons
 N - a +9 blowgun (weapon)
Missiles
 h - 10 javelins of returning
 n - 8 needles of paralysis
 w - 3 throwing nets
 G - 17 javelins
 H - 18 steel javelins
 I - 14 javelins of penetration
 O - 9 curare-tipped needles
 U - 13 needles of confusion (quivered)
Armour
 l - a +2 cloak of cold resistance (worn)
 J - +4 swamp dragon scales (worn)
 V - the +3 large shield "Fiavej" (worn) {rC+ Str+4}
   (You found it on level 12 of the Dungeon)

   It affects your strength (+4).
   It protects you from cold.
Jewellery
 f - the ring of Makhleb's Delight (right claw) {rF+ Str+4 Stlth+}
   (You took it off a hell knight on level 3 of the Depths)

   [ring of protection from fire]

   It affects your strength (+4).
   It protects you from fire.
   It makes you more stealthy.
 L - a +5 amulet of reflection (around neck)
 P - a +5 ring of protection
 W - the ring of Wuposowk {rN+ MR+ Str+2}
   (You found it on level 3 of the Crypt)

   [ring of positive energy]

   It affects your strength (+2).
   It protects you from negative energy.
   It affects your resistance to hostile enchantments.
 X - the ring of the Mackerel (left claw) {+Fly rElec Dex+2 SInv}
   (You bought it in a shop on level 1 of the Depths)

   [ring of flight]

   It affects your dexterity (+2).
   It insulates you from electricity.
   It lets you see invisible.
   It lets you fly.
Wands
 a - a wand of paralysis (10/24)
 C - a wand of acid (9/15)
 F - a wand of clouds (3/9)
 M - a wand of digging (20/24)
Scrolls
 c - 6 scrolls of fear
 k - 22 scrolls of remove curse {@r2}
 q - 14 scrolls of identify {@r1}
 r - 4 scrolls of fog
 s - 21 scrolls of teleportation
 v - 3 scrolls of recharging
 y - 6 scrolls of immolation
 z - 4 scrolls of magic mapping
 D - 7 scrolls of summoning
 K - 2 scrolls of blinking
 T - 2 scrolls of silence
Potions
 g - a potion of haste
 i - 4 potions of curing {@q1}
 j - 6 potions of flight
 o - 2 potions of agility
 t - 4 potions of heal wounds
 u - 3 potions of cancellation
 x - 6 potions of invisibility
 A - 5 potions of resistance
 Z - 5 potions of might
Miscellaneous
 R - a lightning rod (4/4)
Comestibles
 d - 47 bread rations
 e - 13 meat rations


   Skills:
 + Level 23.6 Fighting
   Level 3.6 Long Blades
 - Level 19.0 Throwing
 + Level 11.3 Armour
 - Level 21.0 Dodging
 - Level 20.1 Shields
 - Level 21.6 Unarmed Combat


You had 26 spell levels left.
You didn't know any spells.

Dungeon Overview and Level Annotations

Branches:
Dungeon (15/15)            Temple (1/1) D:4            Lair (6/6) D:9
  Swamp (4/4) Lair:4        Snake (4/4) Lair:2        Slime (5/5) Lair:6
    Orc (2/2) D:10            Elf (3/3) Orc:2        Vaults (5/5) D:13
  Crypt (3/3) Vaults:2       Tomb (0/3) Crypt:3      Depths (5/5) D:15
    Zot (5/5) Depths:5

Altars:
Ashenzari
Cheibriados
Dithmenos
Elyvilon
Fedhas
Gozag
Hepliaklqana
Kikubaaqudgha
Makhleb
Nemelex Xobeh
Okawaru
Qazlal
Ru
Sif Muna
Trog
Uskayaw
Vehumet
Xom
Yredelemnul
Zin
The Shining One
Beogh
Jiyva

Shops:
D:6 (   D:15 =   Orc:2 }![[   Elf:1 }   Elf:3 **(   Snake:1 ?(   Vaults:1 *
Vaults:4 %   Depths:1 (}=}   Depths:4 *[!%

Portals:
Hell: Depths:1 Depths:2 Depths:3 Depths:4 Depths:5
Abyss: Depths:1 Depths:4 Depths:5
Pandemonium: Depths:3 Depths:4
Ziggurat: Depths:2

Annotations:
D:11 1 runed door
Swamp:2 1 runed door, exclusion: Roxanne, Roxanne
Elf:2 3 runed doors
Depths:2 exclusions: angel, 2 daevas and 2 more exclusions


Innate Abilities, Weirdness & Mutations

You have claws for hands.
You have a pair of large horns on your head.
You have claws for feet.
Your flesh is cold resistant. (rC+)
A powerful demonic guardian rushes to your aid.
A frigid envelope surrounds you and freezes all who hurt you.
When hurt, damage is shared between your health and your magic reserves.
You regenerate magic rapidly.
When low on magic, you restore magic in place of health.
You are immune to freezing clouds.
You tend to lose your temper in combat.


Message History

You block the adder's attack.
You feel very mighty all of a sudden.
You feel protected. You block the adder's attack.
You feel agile all of a sudden. You block the adder's attack.
A hellwing comes into view.
The hellwing swoops through the air toward you!
You block the hellwing's attack. The hellwing barely misses you.
You block the hellwing's attack. x2
The rock shatters into small pieces.
This wand has 20 charges left.
A frilled lizard comes into view.
A goblin comes into view. It is wielding a club.
The goblin shouts!
You block the frilled lizard's attack. You block the frilled lizard's attack.
You block the goblin's attack. You block the goblin's attack.
There is a staircase leading out of the dungeon here.
You have escaped!

.S4######.##.##...#...## #.#
......# #.##.##(>.###..######.#
#####.###.##..#...# #.........#
##........#####.#.###.#########
...##.###4## #...#...#
#........#.####.#.######
......####.............#
#.########.....l.......# #.#
#...#.....g@......# #.#
#.###.............# #.####.#
#.............#
....##.#########.#######
....##.##.#.# ### ....##.##.#.#
....##......# ....#####.###
##### #.#


You could see a hellwing, a goblin and a frilled lizard.

Vanquished Creatures
  the Royal Jelly (Slime:5)
  3 orbs of fire (Zot:5)
  3 ancient liches
  The ghost of bworf the Fencer, a master HuAr of Okawaru (Slime:5)
  Sojobo (Depths:1)
  the Lernaean hydra (Swamp:4)
  5 Killer Klowns
  A curse toe (Zot:3)
  4 golden dragons
  2 bone dragons (Depths:5)
  3 electric golems
  15 tentacled monstrosities
  Asterion (Snake:3)
  The ghost of kroki the Severer, an adept DrBe of Trog (Vaults:1)
  2 deep elf blademasters (Elf:3)
  22 Orb Guardians
  4 quicksilver dragons
  5 liches
  10 titans
  2 deep elf master archers (Elf:3)
  5 death cobs
  11 acid blobs
  A sphinx (Vaults:5)
  An ancient champion (Crypt:2)
  11 shadow dragons
  10 storm dragons
  Agnes (Elf:1)
  10 nagarajas
  Donald (Swamp:2)
  4 azure jellies
  5 draconian monks
  13 tengu reavers
  9 frost giants
  5 draconian scorchers
  3 ghost moths
  8 draconian knights
  An iron dragon (Depths:3)
  A fire giant (shapeshifter) (Vaults:5)
  3 draconian stormcallers
  3 deep elf elementalists
  11 fire giants
  5 orc warlords
  6 deep elf sorcerers
  10 vault wardens
  8 ghouls
  10 draconian shifters
  A curse skull (Crypt:3)
  19 stone giants
  8 draconian annihilators
  3 war gargoyles (Vaults:5)
  A spriggan defender (Depths:3)
  14 ironheart preservers
  15 very ugly things
  7 green draconians
  20 vampire knights
  An entropy weaver (Vaults:4)
  The ghost of kuniqs the Fighter, a journeyman DsBe of Trog (D:13)
  7 purple draconians
  The ghost of Ijustatesigmund the Slicer, a journeyman KoAs of Cheibriados (Lair:5)
  7 deep elf demonologists
  7 red draconians
  14 black draconians
  8 deep elf annihilators
  7 yellow draconians
  Snorg (Lair:3)
  9 white draconians
  3 eidola
  26 ettins
  A merfolk javelineer (Depths:3)
  5 deep elf high priests
  7 death oozes
  5 deep elf death magi
  3 jiangshi (Crypt:3)
  12 yaktaur captains
  13 great orbs of eyes
  3 merfolk impalers (Depths:1)
  12 fire dragons
  2 quicksilver dragon zombies
  4 rakshasas
  26 hydras
  33 vault guards
  A hell beast (Depths:4)
  2 spriggan air magi
  11 naga warriors
  A merfolk avatar (Depths:1)
  A ghost crab (Swamp:3)
  13 anacondas
  9 ice dragons
  3 alligators (Swamp:4)
  12 centaur warriors
  18 dancing weapons
  4 deep troll shamans
  An alligator (shapeshifter) (Depths:3)
  13 ogre magi
  5 death knights
  2 death yaks (Lair:6)
  2 tengu warriors
  54 two-headed ogres
  7 vampire magi
  10 deep troll earth magi
  A titan zombie (Vaults:5)
  A hell hog (Volcano)
  6 shock serpents
  12 naga sharpshooters
  17 spriggans
  5 orc high priests
  2 storm dragon zombies (Crypt:3)
  20 deep elf knights
  3 soul eaters
  A titan skeleton (Crypt:1)
  Urug (Lair:2)
  6 spriggan berserkers
  8 large abominations
  A storm dragon skeleton (Vaults:3)
  A fire crab (shapeshifter) (Depths:4)
  4 iron trolls
  A golden dragon zombie (Crypt:3)
  A fire crab (Volcano)
  9 sea snakes (Snake:4)
  19 hell knights
  2 shadow wraiths
  33 skeletal warriors
  2 spriggan druids
  2 death drakes (shapeshifter) (Depths:5)
  An unseen horror (shapeshifter) (Vaults:4)
  A ghost moth zombie (Crypt:3)
  18 deep trolls
  6 naga ritualists
  5 glowing orange brains
  9 swamp dragons
  12 unseen horrors
  4 shambling mangroves
  7 wizards
  22 phantasmal warriors
  6 flayed ghosts
  An anaconda zombie (Crypt:3)
  11 deep elf archers
  18 ironbrand convokers
  The ghost of DEFE the Nimble, a novice DEAK of Lugonu (D:8)
  A shadow dragon zombie (Crypt:3)
  3 wolf spiders
  15 orc knights
  9 orc sorcerers
  3 stone giant zombies
  An anaconda skeleton (Crypt:3)
  62 deep elf magi
  2 mana vipers (shapeshifter)
  A salamander (shapeshifter) (Vaults:3)
  A tengu skeleton (Depths:2)
  5 shining eyes
  11 necromancers
  35 ugly things
  6 mana vipers
  A wolf spider (shapeshifter) (Vaults:5)
  A frost giant zombie (Vaults:5)
  4 oklob plants (Lair:6)
  A stone giant skeleton (Vaults:1)
  A fire giant zombie (Vaults:3)
  7 cyclopes
  6 elephants (Lair:6)
  A human zombie (Vaults:5)
  A fire giant skeleton (Vaults:3)
  13 moths of wrath
  A manticore (D:15)
  12 naga magi
  A moth of wrath (shapeshifter) (Depths:2)
  12 salamanders
  Maurice (D:13)
  A black mamba (shapeshifter) (Depths:4)
  5 guardian serpents
  A dire elephant zombie (Crypt:3)
  An elephant (shapeshifter) (Vaults:3)
  A guardian serpent (shapeshifter) (Vaults:4)
  21 vault sentinels
  45 black mambas
  2 ice statues (IceCv)
  A frost giant skeleton (Crypt:2)
  A spiny frog (shapeshifter) (D:15)
  5 gargoyles
  A rust devil (Depths:4)
  A torpor snail (shapeshifter) (Vaults:5)
  A smoke demon (D:4)
  10 spiny frogs
  3 molten gargoyles (Lair:6)
  A titan simulacrum (Depths:2)
  14 komodo dragons
  An emperor scorpion zombie (Crypt:1)
  A kobold demonologist (D:11)
  An alligator snapping turtle skeleton (Crypt:3)
  A grey draconian zombie (Crypt:1)
  14 ice devils (IceCv)
  3 rime drakes
  15 freezing wraiths
  30 yaktaurs
  3 elves (Depths:4)
  4 hellwings
  2 queen bees (shapeshifter)
  5 tengu conjurers
  2 human skeletons (Vaults:1)
  3 polar bears
  A queen bee (Depths:3)
  6 trolls
  A merfolk (D:13)
  A grey draconian skeleton (Crypt:2)
  A meliai (shapeshifter) (Vaults:4)
  2 harpy zombies
  20 hornets
  A wind drake (shapeshifter) (Depths:4)
  11 bog bodies
  2 tyrant leeches (Swamp:2)
  A hippogriff (shapeshifter) (Elf:1)
  15 blink frogs
  6 dream sheep (Lair:5)
  7 hippogriffs
  A frost giant simulacrum (Crypt:1)
  88 slime creatures
  A death drake skeleton (Crypt:1)
  A fire giant simulacrum (Depths:2)
  A spriggan (shapeshifter) (Vaults:3)
  An air elemental (Elf:2)
  A tarantella (Orc:1)
  2 redbacks (Vaults:4)
  A redback (shapeshifter) (Vaults:1)
  Sigmund (D:2)
  41 yaks
  18 wraiths
  5 vampires
  A shadow (Crypt:1)
  A yak (shapeshifter) (Vaults:1)
  16 water elementals
  5 wyverns
  7 basilisks
  A fire elemental (Elf:3)
  5 hungry ghosts
  3 hogs (Swamp:4)
  A tyrant leech zombie (Crypt:2)
  12 fire bats (Volcano)
  2 steam dragons
  2 neqoxecs (Depths:4)
  A golden eye (Slime:5)
  3 small abominations (Depths:4)
  14 vampire mosquitoes
  A two-headed ogre zombie (Crypt:2)
  4 wargs
  2 chaos spawn (Depths:4)
  A naga (shapeshifter) (Depths:1)
  An acid dragon (D:15)
  12 insubstantial wisps
  A deep troll zombie (Crypt:2)
  A soldier ant (D:14)
  A soldier ant (shapeshifter) (Vaults:2)
  17 swamp worms
  5 porcupines
  52 nagas
  17 water moccasins
  A floating eye (shapeshifter) (Elf:2)
  5 hell hounds
  3 sky beasts
  16 swamp drakes
  55 orc warriors
  A snapping turtle zombie (Crypt:3)
  6 ice beasts
  3 black bears
  An ettin simulacrum (Vaults:2)
  2 eyes of draining
  3 necrophages
  A spriggan simulacrum (Depths:2)
  38 ogres
  2 phantoms
  23 wolves
  20 centaurs
  6 boggarts
  A manticore skeleton (Crypt:2)
  8 crocodiles
  3 big kobolds
  A lindwurm skeleton (Crypt:2)
  20 bullfrogs
  A glowing shapeshifter simulacrum (Vaults:2)
  An elf simulacrum (Vaults:1)
  4 earth elementals
  3 human simulacra (Vaults:1)
  A water moccasin zombie (Crypt:2)
  A wyvern skeleton (D:11)
  5 scorpions
  31 killer bees
  3 troll zombies (D:10)
  11 wights
  A wolf zombie (Crypt:2)
  11 lava snakes
  4 crimson imps
  3 bullfrog zombies
  9 jellies
  2 quasits
  4 hounds
  5 centaur zombies
  A gnoll shaman (D:6)
  38 orc priests
  21 orc wizards
  4 bullfrog skeletons
  Jessica (D:2)
  3 centaur skeletons
  Natasha (thrice) (D:2)
  Terence (D:2)
  A hell rat (Lair:6)
  11 iguanas
  13 worker ants
  3 ogre zombies (D:10)
  A tengu zombie (Crypt:3)
  2 spectral hounds (Depths:4)
  An ogre skeleton (Crypt:3)
  2 hound zombies
  A hound skeleton (D:11)
  A howler monkey zombie (D:11)
  27 adders
  5 gnolls
  A howler monkey skeleton (D:6)
  6 shadow imps
  A steam dragon skeleton (Crypt:1)
  7 white imps
  7 ufetubi
  3 oozes
  A halfling zombie (Crypt:3)
  2 adder skeletons
  A dart slug (D:1)
  4 leopard geckos
  138 orcs
  10 bats
  7 giant cockroaches
  14 goblins
  9 hobgoblins
  13 jackals
  21 kobolds
  4 quokkas
  6 ball pythons
  4 frilled lizards
  A goblin skeleton (D:10)
  3 goblin zombies (D:10)
  2 hobgoblin skeletons (D:10)
  A hobgoblin zombie (D:10)
  A kobold zombie (Crypt:3)
  4 orc skeletons (D:10)
  8 orc zombies
  7 rats
  A river rat skeleton (Crypt:1)
  A briar patch (Swamp:3)
  A fire vortex (Depths:3)
  A plant (Zot:4)
2591 creatures vanquished.

Vanquished Creatures (collateral kills)
  2 orbs of fire (Zot:5)
  2 ancient liches (Zot:5)
  Frederick (Vaults:2)
  A caustic shrike (Depths:3)
  A golden dragon (Vaults:5)
  3 tentacled monstrosities
  Rupert (D:13)
  A lich (Vaults:3)
  An Orb Guardian (Zot:5)
  A sphinx (Vaults:5)
  Kirke (Swamp:4)
  2 thorn hunters (Swamp:3)
  A tengu reaver (Vaults:5)
  A draconian monk (Zot:5)
  4 nagarajas (Snake:4)
  3 draconian scorchers
  A draconian shifter (Zot:1)
  A draconian annihilator (Zot:1)
  A draconian stormcaller (Zot:5)
  2 ghouls
  A vault warden (Vaults:5)
  A deep elf elementalist (Elf:3)
  7 very ugly things
  4 ironheart preservers
  A spriggan defender (Elf:2)
  A green draconian (Zot:5)
  A deep elf demonologist (Elf:3)
  2 stone giants
  4 black draconians
  3 purple draconians
  A white draconian (Zot:5)
  A deep elf annihilator (Vaults:1)
  3 yellow draconians
  3 red draconians
  3 deep elf death magi
  An ettin (Vaults:5)
  An eidolon (Vaults:2)
  3 ogre magi
  2 rakshasas
  A great orb of eyes (Slime:3)
  A yaktaur captain (Vaults:4)
  6 vault guards
  7 hydras
  2 naga warriors
  2 ice dragons
  Erica (Orc:1)
  Erolcha (Orc:1)
  17 two-headed ogres
  2 anacondas
  2 deep troll shamans (Vaults:2)
  4 death yaks (Lair:6)
  2 orc high priests (Orc:2)
  A deep troll earth mage (Vaults:2)
  A vampire mage (Crypt:3)
  Nergalle (Lair:2)
  A small abomination (Vaults:3)
  Sonja (D:10)
  4 deep elf knights
  A fire crab (Lair:6)
  5 skeletal warriors (Crypt:3)
  A swamp dragon (Swamp:4)
  A flayed ghost (Vaults:4)
  A deep troll (Vaults:2)
  4 unseen horrors (Crypt:3)
  A wizard (D:14)
  A spriggan druid (Swamp:3)
  2 deep elf archers (Elf:2)
  A naga ritualist (Snake:2)
  5 phantasmal warriors
  3 ironbrand convokers (Vaults:2)
  3 orc knights
  A necromancer (Vaults:3)
  10 deep elf magi
  A mana viper (Snake:4)
  The ghost of nht the Grappler, a novice DrTm of Xom (D:7)
  An orc sorcerer (Orc:2)
  A shining eye (shapeshifter) (Depths:3)
  6 ugly things
  A manticore (D:11)
  4 elephants (Lair:6)
  A stone giant zombie (Vaults:2)
  A salamander (Snake:4)
  2 cyclopes (Vaults:2)
  A guardian serpent (shapeshifter) (Vaults:2)
  A guardian serpent (Snake:4)
  2 centaur zombies (D:11)
  3 vault sentinels
  A smoke demon (Depths:1)
  9 black mambas
  2 naga magi
  2 gargoyles (D:13)
  2 centaur skeletons
  3 spiny frogs
  3 komodo dragons
  A shock serpent skeleton (Crypt:3)
  7 yaktaurs
  The ghost of anet the Cutter, a novice HaWz (D:4)
  An ice devil (Zot:4)
  A freezing wraith (Vaults:3)
  A catoblepas skeleton (Crypt:3)
  5 hornets
  A polar bear (Lair:5)
  A troll (D:10)
  Grinder (D:4)
  A tyrant leech (Swamp:3)
  10 blink frogs
  3 bog bodies
  2 slime creatures (Swamp:3)
  A hippogriff (D:11)
  A wraith (D:10)
  A tarantella (Orc:1)
  A vampire (D:13)
  A wyvern (D:10)
  2 fire bats (Volcano)
  2 redbacks (Orc:1)
  5 yaks
  2 basilisks
  3 hogs (Swamp:4)
  2 wargs (Vaults:2)
  4 insubstantial wisps (Swamp:3)
  6 nagas
  A swamp worm (Swamp:2)
  4 water moccasins (Lair:6)
  A hell hound (Lair:6)
  4 orc warriors
  A swamp drake (Swamp:2)
  3 ice beasts
  2 phantoms
  A sky beast (D:9)
  2 ogres (Vaults:2)
  7 centaurs
  2 crocodiles (Lair:6)
  2 bullfrogs
  A scorpion (D:11)
  2 killer bees (D:10)
  3 wights (D:14)
  A crimson imp (D:11)
  3 orc priests
  7 orc wizards
  An iguana (D:11)
  A worker ant (D:11)
  A howler monkey skeleton (D:10)
  A gnoll (D:2)
  An ooze (D:6)
  An adder zombie (D:5)
  17 orcs
  3 jackals (D:7)
  2 kobolds
  A rat (D:3)
  A plant (Zot:4)
363 creatures vanquished.

Vanquished Creatures (others)
  A Hell Sentinel (Depths:1)
  A fire giant (Depths:2)
  2 draconian knights
  A draconian scorcher (Zot:5)
  2 stone giants
  A blizzard demon (IceCv)
  6 yaktaur captains
  A fire dragon (Depths:1)
  A centaur warrior (Depths:1)
  An anaconda (Snake:2)
  A two-headed ogre (Vaults:3)
  A vampire mage (Depths:4)
  3 naga sharpshooters
  4 deep elf archers
  A deep elf mage (Vaults:1)
  A necromancer (Depths:4)
  A mana viper (Snake:2)
  3 cyclopes
  A guardian serpent (Snake:2)
  14 yaktaurs
  A hornet (Swamp:3)
  A spriggan (Swamp:3)
  A warg (Vaults:2)
  A naga (Snake:4)
  An orc warrior (D:13)
  3 centaurs (Depths:1)
  2 white imps (IceCv)
  4 ufetubi (IceCv)
  An orc (D:13)
  A kobold (Depths:4)
  10 fungi
  25 plants
98 creatures vanquished.

Grand Total: 3052 creatures vanquished

Notes
Turn   | Place    | Note
-------+----------+-------------------------------------------
     0 | D:1      | kuniqs the Demonspawn Berserker began the quest for the Orb.
     0 | D:1      | Reached XP level 1. HP: 18/18 MP: 1/1
   240 | D:1      | Gained mutation: A weak demonic guardian rushes to your aid. [demonic ancestry]
   240 | D:1      | Reached XP level 2. HP: 24/24 MP: 2/2
   827 | D:1      | Reached XP level 3. HP: 26/29 MP: 3/3
  1012 | D:1      | Reached ** piety under Trog
  1131 | D:2      | Gained mutation: When hurt, damage is shared between your health and your magic reserves. [demonic ancestry]
  1131 | D:2      | Reached XP level 4. HP: 35/35 MP: 4/4
  1733 | D:2      | Noticed Sigmund
  1747 | D:2      | Killed Sigmund
  1747 | D:2      | Reached skill level 4 in Fighting
  1747 | D:2      | Reached XP level 5. HP: 42/42 MP: 3/5
  1899 | D:2      | Gained mutation: You have sharp fingernails. [demonic ancestry]
  1899 | D:2      | Reached XP level 6. HP: 43/48 MP: 6/6
  1955 | D:2      | Noticed Natasha
  1967 | D:2      | Killed Natasha
  1987 | D:2      | Noticed Natasha
  1998 | D:2      | Killed Natasha
  1999 | D:2      | Noticed Natasha
  2013 | D:2      | Killed Natasha
  2249 | D:2      | Noticed Terence
  2264 | D:2      | Killed Terence
  2318 | D:2      | Noticed Jessica
  2325 | D:2      | Killed Jessica
  2325 | D:2      | Reached skill level 1 in Unarmed Combat
  2718 | D:3      | Reached *** piety under Trog
  3011 | D:4      | Gained mutation: A demonic guardian rushes to your aid. [demonic ancestry]
  3011 | D:4      | Reached XP level 7. HP: 55/55 MP: 7/7
  3026 | D:4      | Found a staircase to the Ecumenical Temple.
  3057 | Temple   | Entered the Ecumenical Temple
  3382 | D:4      | Reached skill level 5 in Fighting
  3505 | D:4      | Noticed anet's ghost (novice HaWz)
  3512 | D:4      | Killed anet's ghost
  3838 | D:4      | Noticed Grinder
  3855 | D:4      | Killed Grinder
  3872 | D:5      | Entered Level 5 of the Dungeon
  4180 | D:5      | Gained mutation: You have a pair of small horns on your head. [demonic ancestry]
  4180 | D:5      | Reached XP level 8. HP: 60/64 MP: 8/8
  4208 | D:5      | Reached skill level 6 in Fighting
  4211 | D:5      | Reached **** piety under Trog
  4560 | D:5      | Reached skill level 5 in Dodging
  5219 | D:6      | Noticed a two-headed ogre
  5228 | D:6      | Killed a two-headed ogre
  5284 | D:6      | Reached skill level 7 in Fighting
  5839 | D:6      | Reached skill level 5 in Unarmed Combat
  5839 | D:6      | Reached XP level 9. HP: 72/72 MP: 7/9
  5906 | D:6      | Found Oruy's Antique Weapon Shoppe.
  6700 | D:6      | Reached ***** piety under Trog
  7325 | D:7      | Noticed nht's ghost (novice DrTm)
  7346 | D:7      | Killed nht's ghost
  7346 | D:7      | Reached skill level 8 in Fighting
  7368 | D:7      | Found an opulent altar of Gozag.
  8468 | D:8      | Gained mutation: You have very sharp fingernails. [demonic ancestry]
  8468 | D:8      | Reached XP level 10. HP: 82/82 MP: 10/10
  8540 | D:8      | Noticed DEFE's ghost (novice DEAK)
  8550 | D:8      | Killed DEFE's ghost
  8664 | D:8      | Found a sparkling altar of Nemelex Xobeh.
  8672 | D:8      | Found a radiant altar of Vehumet.
  9527 | D:9      | Reached skill level 9 in Fighting
  9593 | D:9      | Got an ichor-stained mace
  9594 | D:9      | Identified the +7 mace "Qintolia" {flame, rC- Dex+7} (You found it on level 9 of the Dungeon)
  9605 | D:9      | Found a staircase to the Lair.
  9612 | D:9      | Found a hazy altar of Hepliaklqana.
  9612 | D:9      | Found a basalt altar of Yredelemnul.
  9776 | D:9      | Noticed a two-headed ogre
  9778 | D:9      | Killed a two-headed ogre
 10009 | D:9      | Found an iron altar of Okawaru.
 10212 | D:10     | Entered Level 10 of the Dungeon
 10253 | D:10     | Received a gift from Trog
 10261 | D:10     | Reached skill level 5 in Armour
 10318 | D:10     | Got a shimmering leather armour
 10329 | D:10     | Identified the cursed +0 leather armour of Vexation {rCorr} (You found it on level 10 of the Dungeon)
 10365 | D:10     | Found a staircase to the Orcish Mines.
 10396 | D:10     | Reached skill level 1 in Throwing
 10657 | D:10     | Noticed Sonja
 10661 | D:10     | Killed Sonja
 10661 | D:10     | Gained mutation: You have sharp toenails. [demonic ancestry]
 10661 | D:10     | Reached XP level 11. HP: 80/90 MP: 9/11
 11014 | D:11     | Noticed a purple ugly thing
 11016 | D:11     | Killed a purple ugly thing
 11128 | D:11     | Noticed a seven-headed hydra
 11151 | D:11     | Killed a seven-headed hydra
 11151 | D:11     | Reached skill level 10 in Fighting
 11248 | D:11     | Noticed a centaur warrior
 11260 | D:11     | Noticed a brown ugly thing
 11262 | D:11     | Noticed a cyan ugly thing
 11264 | D:11     | Killed a centaur warrior
 11272 | D:11     | Killed a brown ugly thing
 11279 | D:11     | Killed a cyan ugly thing
 11558 | D:11     | Received a gift from Trog
 11768 | D:11     | Found a runed door.
 11775 | D:11     | Paralysed by a hornet for 1 turns
 11914 | D:11     | Reached skill level 1 in Shields
 11948 | D:11     | Received a gift from Trog
 12007 | D:11     | Noticed a two-headed ogre
 12009 | D:11     | Killed a two-headed ogre
 12064 | D:11     | Killed an unseen horror
 12208 | D:11     | Found a runed door.
 12278 | D:11     | Noticed a two-headed ogre
 12283 | D:11     | Killed a two-headed ogre
 12283 | D:11     | Reached skill level 5 in Throwing
 12334 | D:12     | Gained mutation: You have razor-sharp toenails. [demonic ancestry]
 12334 | D:12     | Reached XP level 12. HP: 87/99 MP: 12/12
 12505 | D:12     | Got a blackened large shield
 12516 | D:12     | Identified the +3 large shield "Fiavej" {rC+ Str+4} (You found it on level 12 of the Dungeon)
 12939 | D:12     | Reached skill level 10 in Dodging
 13089 | D:13     | Noticed kuniqs's ghost (journeyman DsBe)
 13177 | D:13     | Reached skill level 11 in Fighting
 13220 | D:13     | Noticed Maurice
 13241 | D:13     | Killed Maurice
 13502 | D:13     | Noticed Rupert
 13524 | D:13     | Killed Rupert
 13611 | D:13     | Noticed a vault guard
 13663 | D:13     | Killed kuniqs's ghost
 13688 | D:13     | Noticed a vault guard
 13707 | D:13     | Received a gift from Trog
 13718 | D:13     | Killed a vault guard
 13739 | D:13     | Noticed a vault guard
 14285 | D:14     | Noticed a centaur warrior
 14295 | D:14     | Received a gift from Trog
 14301 | D:14     | Killed a centaur warrior
 14613 | D:14     | Reached skill level 10 in Unarmed Combat
 14813 | D:14     | Reached XP level 13. HP: 107/107 MP: 9/13
 15123 | D:14     | Received a gift from Trog
 15171 | D:15     | Entered Level 15 of the Dungeon
 15299 | Orc:1    | Entered Level 1 of the Orcish Mines
 15326 | Orc:1    | Noticed Erica
 15343 | Orc:1    | Killed Erica
 15533 | Orc:1    | Noticed Erolcha
 15536 | Orc:1    | Killed Erolcha
 15952 | Orc:1    | Reached skill level 12 in Fighting
 16045 | Orc:2    | Entered Level 2 of the Orcish Mines
 16066 | Orc:2    | Reached ****** piety under Trog
 16213 | Orc:2    | Received a gift from Trog
 16690 | Orc:2    | Noticed an orc warlord
 16719 | Orc:2    | Killed an orc warlord
 16751 | Orc:2    | Found a roughly hewn altar of Beogh.
 16970 | Orc:2    | Found Urphuklep's Distillery.
 17090 | Orc:2    | Bought a potion of heal wounds for 60 gold pieces
 17090 | Orc:2    | Bought a potion of degeneration for 12 gold pieces
 17135 | Orc:2    | Found Micwuz's Gadget Shoppe.
 17348 | Orc:2    | Found a staircase to the Elven Halls.
 17350 | Orc:2    | Received a gift from Trog
 17422 | Orc:2    | Paralysed by an orc sorcerer for 4 turns
 17604 | Orc:2    | Found Enaz Fau's Armour Emporium.
 17629 | Orc:2    | Found Kyvunext's Armour Shoppe.
 17667 | Orc:2    | Found a roughly hewn altar of Beogh.
 17677 | Orc:2    | Received a gift from Trog
 17788 | Orc:2    | Noticed an orc warlord
 17861 | Orc:2    | Killed an orc warlord
 18142 | Lair:1   | Entered Level 1 of the Lair of Beasts
 18425 | Lair:1   | Gained mutation: You regenerate magic rapidly. [demonic ancestry]
 18425 | Lair:1   | Reached XP level 14. HP: 84/116 MP: 8/14
 18943 | Lair:2   | Noticed Nergalle
 18957 | Lair:2   | Killed Nergalle
 19022 | Lair:2   | Found a staircase to the Snake Pit.
 19108 | Lair:2   | Noticed Urug
 19119 | Lair:2   | Killed Urug
 19167 | Lair:2   | Reached skill level 13 in Fighting
 19284 | Lair:2   | Found a dark tunnel.
 19302 | Volcano  | Entered a volcano
 19468 | Volcano  | Found a burning altar of Makhleb.
 19545 | Volcano  | Found a burning altar of Makhleb.
 19656 | Lair:2   | Received a gift from Trog
 20289 | Lair:3   | Noticed Snorg
 20299 | Lair:3   | Killed Snorg
 21248 | Lair:3   | Received a gift from Trog
 21378 | Lair:4   | Found a staircase to the Swamp.
 21828 | Lair:4   | You fall through a shaft for 2 floors!
 21828 | Lair:6   | Entered Level 6 of the Lair of Beasts
 21864 | Lair:6   | Received a gift from Trog
 21881 | Lair:5   | Noticed Ijustatesigmund's ghost (journeyman KoAs)
 22937 | Lair:5   | Killed Ijustatesigmund's ghost
 23452 | Lair:6   | Reached skill level 10 in Throwing
 23506 | Lair:6   | Gained mutation: You have a pair of horns on your head. [demonic ancestry]
 23506 | Lair:6   | Reached XP level 15. HP: 105/125 MP: 15/15
 23586 | Lair:6   | Gained mutation: Your spells are a little harder to cast, but a little more powerful. [potion of mutation]
 23586 | Lair:6   | Gained mutation: You are covered in fur. (AC +1) [potion of mutation]
 23586 | Lair:6   | Gained mutation: Your mind is acute. (Int +2) [potion of mutation]
 23599 | Lair:6   | Found a staircase to the Slime Pits.
 23601 | Lair:6   | Found a viscous altar of Jiyva.
 23738 | Lair:6   | Received a gift from Trog
 24339 | Lair:6   | Reached skill level 14 in Fighting
 24831 | Lair:6   | Found a large runed door.
 24960 | Lair:6   | Found a large runed door.
 25344 | Swamp:1  | Entered Level 1 of the Swamp
 25737 | Swamp:1  | Received a gift from Trog
 26283 | Swamp:2  | Noticed Donald
 26311 | Swamp:2  | Killed Donald
 26511 | Swamp:2  | Reached skill level 5 in Shields
 27011 | Swamp:2  | Noticed Roxanne
 27188 | Swamp:2  | Noticed a tentacled monstrosity
 27188 | Swamp:2  | Found a runed door.
 27315 | Swamp:3  | Noticed a thorn hunter
 27643 | Swamp:3  | Received a gift from Trog
 27658 | Swamp:3  | Killed a thorn hunter
 27659 | Swamp:3  | Paralysed by a hornet for 3 turns
 27661 | Swamp:3  | HP: 7/189 [hornet[a shambling mangrove] (4)]
 28569 | Swamp:3  | Gained mutation: You have claws for hands. [demonic ancestry]
 28569 | Swamp:3  | Reached XP level 16. HP: 116/133 MP: 13/16
 28775 | Swamp:3  | Received a gift from Trog
 28867 | Swamp:3  | Identified a scroll of acquirement
 29329 | Swamp:3  | Noticed a thorn hunter
 29590 | Swamp:3  | Killed a thorn hunter
 29941 | Swamp:4  | Entered Level 4 of the Swamp
 29969 | Swamp:4  | Received a gift from Trog
 30702 | Swamp:4  | Noticed the 27-headed Lernaean hydra
 30717 | Swamp:4  | Killed the 26-headed Lernaean hydra
 30932 | Swamp:4  | Got a decaying rune of Zot
 31050 | Swamp:4  | Noticed Kirke
 31059 | Swamp:4  | Killed Kirke
 31177 | Swamp:4  | Noticed a tentacled monstrosity
 31184 | Swamp:4  | Killed a tentacled monstrosity
 31900 | Snake:1  | Entered Level 1 of the Snake Pit
 32170 | Snake:1  | Received a gift from Trog
 32664 | Snake:1  | Found Wutraixo's Antique Weapon Boutique.
 32664 | Snake:1  | Found Juciamue's Magic Scroll Shop.
 32709 | Snake:1  | Gained mutation: When low on magic, you restore magic in place of health. [demonic ancestry]
 32709 | Snake:1  | Reached XP level 17. HP: 97/139 MP: 17/17
 32816 | Snake:1  | Bought a scroll of enchant weapon for 90 gold pieces
 32816 | Snake:1  | Bought a scroll of silence for 90 gold pieces
 32816 | Snake:1  | Bought a scroll of silence for 90 gold pieces
 33887 | Snake:2  | Received a gift from Trog
 33916 | Snake:2  | Noticed Asterion
 33932 | Snake:2  | HP: 6/139 [Asterion/vampiric demon trident (1)]
 33937 | Snake:2  | HP: 4/139 [poisoned by a nagaraja (splash of poison)]
 33945 | Snake:2  | HP: 2/139 [poisoned by a nagaraja (splash of poison)]
 34549 | Snake:2  | Reached skill level 15 in Unarmed Combat
 34659 | Snake:2  | Received a gift from Trog
 34696 | Snake:2  | Found a runed gate.
 34696 | Snake:2  | Found a runed gate.
 34696 | Snake:2  | Found a runed gate.
 35179 | Snake:2  | Reached skill level 10 in Shields
 35183 | Snake:2  | Received a gift from Trog
 35558 | Snake:3  | Killed Asterion
 35951 | Snake:3  | Found a sacrificial altar of Ru.
 36102 | Snake:4  | Entered Level 4 of the Snake Pit
 36401 | Snake:4  | Found a glowing golden altar of the Shining One.
 36437 | Snake:4  | HP: 6/139 [naga warrior/splash of poison (1)]
 36888 | Snake:4  | Received a gift from Trog
 37335 | Snake:4  | Reached XP level 18. HP: 122/146 MP: 18/18
 37962 | Snake:4  | Received a gift from Trog
 38340 | Snake:4  | Got a serpentine rune of Zot
 39097 | Elf:1    | Entered Level 1 of the Elven Halls
 39845 | Elf:1    | Received a gift from Trog
 39919 | Elf:1    | Found Koalel's Gadget Shoppe.
 40563 | Elf:1    | Noticed Agnes
 40579 | Elf:1    | Killed Agnes
 40591 | Elf:1    | Reached skill level 15 in Throwing
 40605 | Elf:1    | HP: 5/146 [deep elf mage/bolt of lightning (29)]
 41261 | Elf:2    | Received a gift from Trog
 41936 | Elf:2    | Gained mutation: A powerful demonic guardian rushes to your aid. [demonic ancestry]
 41936 | Elf:2    | Reached XP level 19. HP: 118/152 MP: 15/19
 42345 | Elf:2    | Found a runed gate.
 42347 | Elf:2    | Found a runed gate.
 42347 | Elf:2    | Found a runed gate.
 42401 | Elf:3    | Entered Level 3 of the Elven Halls
 42417 | Elf:3    | Found Qelidaox's Assorted Antiques.
 42418 | Elf:3    | Found Urekh's Antique Weapon Shop.
 42482 | Elf:3    | Found Weuhyho's General Store.
 42492 | Elf:3    | Bought a +2 plate armour of cold resistance for 480 gold pieces
 42528 | Elf:3    | Found a frozen archway.
 42550 | IceCv    | Entered an ice cave
 42623 | IceCv    | Received a gift from Trog
 42823 | IceCv    | Identified a +2 pair of boots of running (You found it in an ice cave)
 42906 | IceCv    | Received a gift from Trog
 44159 | Elf:3    | Got a heavily runed marble ring
 44160 | Elf:3    | Identified the cursed ring of Dim Light {Str-2 Int+2} (You took it off a deep elf master archer on level 3 of the Elven Halls)
 44172 | Elf:3    | Got a coiled lead ring
 44173 | Elf:3    | Identified the cursed ring of the Priest {*Drain AC-2 Str-4 Int+8 SInv} (You took it off a deep elf annihilator on level 3 of the Elven Halls)
 44519 | Elf:3    | Received a gift from Trog
 44803 | D:13     | Found a gate to the Vaults.
 44913 | Vaults:1 | Entered Level 1 of the Vaults
 45014 | Vaults:1 | Noticed kroki's ghost (adept DrBe)
 45030 | Vaults:1 | Killed kroki's ghost
 45745 | Vaults:1 | Received a gift from Trog
 45920 | Vaults:1 | Gained mutation: You have claws for feet. [demonic ancestry]
 45920 | Vaults:1 | Reached XP level 20. HP: 159/159 MP: 20/20
 45965 | Vaults:1 | Found Zyekluo's General Store.
 45970 | Vaults:1 | Bought a potion of might for 52 gold pieces
 46070 | Vaults:1 | Received a gift from Trog
 46262 | Vaults:1 | Received a gift from Trog
 46543 | Vaults:1 | Received a gift from Trog
 46936 | Vaults:1 | Received a gift from Trog
 47465 | Vaults:2 | Received a gift from Trog
 47780 | Vaults:2 | Reached skill level 15 in Shields
 48107 | Vaults:2 | Noticed Frederick
 48264 | Vaults:1 | Received a gift from Trog
 48559 | Vaults:2 | Killed Frederick
 49408 | Vaults:2 | Received a gift from Trog
 49603 | Vaults:2 | Found a staircase to the Crypt.
 49725 | Vaults:2 | Gained mutation: You have a pair of large horns on your head. [demonic ancestry]
 49725 | Vaults:2 | Reached XP level 21. HP: 116/165 MP: 21/21
 50561 | Vaults:3 | Received a gift from Trog
 50633 | Vaults:3 | HP: 6/164 [Tzitzimitl[a lich] (14)]
 50638 | Vaults:3 | Received a gift from Trog
 52173 | Vaults:3 | Received a gift from Trog
 52440 | Vaults:4 | Found Durgh's Food Shop.
 53395 | Vaults:4 | Received a gift from Trog
 53747 | Vaults:4 | Received a gift from Trog
 54031 | Vaults:5 | Entered Level 5 of the Vaults
 54155 | Vaults:5 | Received a gift from Trog
 54160 | Vaults:5 | Gained mutation: Your flesh is cold resistant. (rC+) [demonic ancestry]
 54160 | Vaults:5 | Reached XP level 22. HP: 128/172 MP: 22/22
 54363 | Vaults:5 | Got a silver rune of Zot
 54610 | Vaults:5 | Noticed a golden dragon
 54620 | Vaults:5 | Killed a golden dragon
 54621 | Vaults:5 | Noticed an ancient lich
 54631 | Vaults:5 | Killed an ancient lich
 54684 | Vaults:5 | Received a gift from Trog
 54782 | Vaults:5 | HP: 5/172 [tengu reaver/bolt of lightning (21)]
 55358 | Vaults:5 | Received a gift from Trog
 55433 | Vaults:5 | Noticed a golden dragon
 55780 | Vaults:5 | Killed a golden dragon
 56058 | Vaults:5 | Gained mutation: You are immune to freezing clouds. [demonic ancestry]
 56058 | Vaults:5 | Reached XP level 23. HP: 178/178 MP: 23/23
 56466 | Vaults:5 | Received a gift from Trog
 56599 | Vaults:5 | Got a flickering tin ring
 56601 | Vaults:5 | Identified the ring "Patute" {+Fly rElec rPois Str-5 Int+5} (You took it off a fire giant on level 5 of the Vaults)
 57083 | Crypt:1  | Entered Level 1 of the Crypt
 57519 | Crypt:2  | Received a gift from Trog
 57547 | Crypt:2  | Paralysed by something for 5 turns
 58011 | Crypt:3  | Entered Level 3 of the Crypt
 58607 | Crypt:3  | Received a gift from Trog
 58728 | Crypt:3  | Got a faintly humming shield
 58729 | Crypt:3  | Identified the +0 shield of Minor Irritation {+Blink rC+ rN+ Dex-4 Stlth+} (You acquired it on level 3 of the Crypt)
 58778 | Crypt:2  | Found an ancient bone altar of Kikubaaqudgha.
 58854 | Crypt:3  | Received a gift from Trog
 59136 | Crypt:3  | Found an ancient bone altar of Kikubaaqudgha.
 59202 | Crypt:3  | Received a gift from Trog
 59490 | Crypt:3  | Received a gift from Trog
 59610 | Crypt:3  | Reached XP level 24. HP: 146/185 MP: 22/23
 59673 | Crypt:3  | Got a scintillating golden ring
 59673 | Crypt:3  | Got a twitching steel ring
 59674 | Crypt:3  | Identified the ring of Wuposowk {rN+ MR+ Str+2} (You found it on level 3 of the Crypt)
 59676 | Crypt:3  | Identified the ring of Wubruil {rN+ MR++ Int+2} (You found it on level 3 of the Crypt)
 59680 | Crypt:3  | Got a heavily runed steel ring
 59681 | Crypt:3  | Identified the ring "Xuepim" {+Blink rPois EV+2} (You found it on level 3 of the Crypt)
 60454 | D:15     | Found Fopeozxyss's Jewellery Emporium.
 60459 | D:15     | Bought a cursed -3 ring of evasion for 26 gold pieces
 60794 | D:15     | Found a staircase to the Depths.
 61108 | Slime:1  | Entered Level 1 of the Pits of Slime
 61130 | Slime:1  | Received a gift from Trog
 62334 | Slime:3  | Gained mutation: You regenerate slowly when monsters are visible. [a shining eye]
 62335 | Slime:3  | Gained mutation: Your magical capacity is low. (-10% MP) [a shining eye]
 62381 | Slime:5  | Entered Level 5 of the Pits of Slime
 62405 | Slime:5  | Noticed bworf's ghost (master HuAr)
 62424 | Slime:5  | Killed bworf's ghost
 62424 | Slime:5  | Reached skill level 15 in Fighting
 62513 | Slime:5  | Received a gift from Trog
 62562 | Slime:5  | Found a viscous altar of Jiyva.
 62562 | Slime:5  | Noticed the Royal Jelly
 62571 | Slime:5  | Killed the Royal Jelly
 63011 | Slime:5  | Gained mutation: You are resistant to electric shocks. (rElec) [a shining eye]
 63012 | Slime:5  | Gained mutation: You expend magic power (3 MP) to strengthen your wands. [a shining eye]
 63027 | Slime:5  | Identified the cursed +1 leather armour of Petseoppi {Dex+3 SInv} (You found it on level 5 of the Pits of Slime)
 63054 | Slime:5  | Got a bound tin ring
 63055 | Slime:5  | Identified the ring "Atach" {Ice rElec} (You found it on level 5 of the Pits of Slime)
 63115 | Slime:5  | Got a slimy rune of Zot
 63222 | Lair:6   | Lost mutation: Your magical capacity is low. (-10% MP) [potion of cure mutation]
 63222 | Lair:6   | Lost mutation: You expend magic power (3 MP) to strengthen your wands. [potion of cure mutation]
 63222 | Lair:6   | Lost mutation: You are resistant to electric shocks. (rElec) [potion of cure mutation]
 63223 | Lair:6   | Lost mutation: Your spells are a little harder to cast, but a little more powerful. [potion of cure mutation]
 63223 | Lair:6   | Lost mutation: You are covered in fur. (AC +1) [potion of cure mutation]
 63223 | Lair:6   | Lost mutation: Your mind is acute. (Int +2) [potion of cure mutation]
 63224 | Lair:6   | Lost mutation: You regenerate slowly when monsters are visible. [potion of cure mutation]
 63225 | Lair:6   | Gained mutation: You are agile. (Dex +2) [potion of beneficial mutation]
 63640 | Depths:1 | Entered Level 1 of the Depths
 63696 | Depths:1 | Found a gateway to Hell.
 63822 | Depths:1 | Found a one-way gate to the infinite horrors of the Abyss.
 63880 | Depths:1 | Lost mutation: You are agile. (Dex +2) [potion of cure mutation]
 64310 | Depths:1 | Found Xerhiof's Antique Weapon Shop.
 64377 | Depths:1 | Received a gift from Trog
 64434 | Depths:1 | Reached skill level 16 in Fighting
 64604 | Depths:1 | Found a shimmering altar of Xom.
 64618 | Depths:1 | Found a runed door.
 64620 | Depths:1 | Found a runed door.
 64719 | Depths:1 | Found a runed warning-scrawled door.
 64825 | Depths:1 | Found Quhinn's Gadget Shop.
 64826 | Depths:1 | Found Lodd's Jewellery Emporium.
 64827 | Depths:1 | Found Focuitan's Gadget Shop.
 64836 | Depths:1 | Bought a wand of disintegration (14/24) for 324 gold pieces
 64843 | Depths:1 | Bought the ring of the Mackerel {+Fly rElec Dex+2 SInv} for 798 gold pieces
 64909 | Depths:1 | Noticed Sojobo
 64948 | Depths:1 | Killed Sojobo
 64948 | Depths:1 | Reached skill level 15 in Dodging
 65411 | Depths:1 | Reached XP level 25. HP: 161/196 MP: 22/23
 65767 | Depths:2 | Found a gateway to a ziggurat.
 66057 | Depths:2 | Received a gift from Trog
 66708 | Orc:2    | Bought a potion of cure mutation for 300 gold pieces
 67187 | Depths:3 | Reached skill level 17 in Fighting
 68153 | Depths:3 | Found a runed door.
 68201 | Depths:3 | Paralysed by a floating eye for 3 turns
 68417 | Depths:3 | Received a gift from Trog
 68449 | Depths:3 | Received a gift from Trog
 68484 | Depths:3 | Identified the +2 demon trident of the Badger {flame, Dex+3} (Trog gifted it to you on level 3 of the Depths)
 68876 | Depths:3 | Identified the +1 leather armour of Zin's Esteem {rElec} (You took it off a vampire mage on level 3 of the Depths)
 69065 | Depths:3 | Got an ancient bone ring
 69067 | Depths:3 | Identified the ring of Makhleb's Delight {rF+ Str+4 Stlth+} (You took it off a hell knight on level 3 of the Depths)
 69126 | Depths:3 | Found a one-way gate leading to the halls of Pandemonium.
 69144 | Depths:3 | Reached skill level 18 in Fighting
 69152 | Depths:3 | Got a flickering bronze ring
 69153 | Depths:3 | Identified the ring of the Duchess {rN+ MR+ Stlth+} (You found it on level 3 of the Depths)
 69160 | Depths:3 | Got an ancient pewter ring
 69161 | Depths:3 | Identified the ring of the Empire {MR+ Stlth+} (You found it on level 3 of the Depths)
 69705 | Depths:4 | Received a gift from Trog
 69729 | Depths:4 | Paralysed by a great orb of eyes for 2 turns
 70295 | Depths:4 | Received a gift from Trog
 70302 | Depths:4 | Found an ancient bone altar of Kikubaaqudgha.
 70354 | Depths:4 | Found Ycesaes's Slaves and Accessories.
 70389 | Depths:4 | Found The Legendary Javuq's Legendary Smithy.
 70422 | Depths:4 | Found Jack's Jerk-a-riffic Jerky.
 70429 | Depths:4 | Reached XP level 26. HP: 129/213 MP: 22/23
 70463 | Depths:4 | Found Leoboap's Miraculous Elixirs.
 70580 | Depths:4 | Received a gift from Trog
 70746 | Depths:4 | Reached skill level 19 in Fighting
 70855 | Depths:4 | Found a shattered altar of Ashenzari.
 71127 | Depths:4 | Gained mutation: You tend to lose your temper in combat. [a neqoxec]
 71696 | Depths:4 | Received a gift from Trog
 71780 | Depths:4 | Received a gift from Trog
 72048 | Depths:5 | Entered Level 5 of the Depths
 72924 | Depths:5 | Found a gate to the Realm of Zot.
 72937 | Depths:5 | Reached skill level 20 in Fighting
 73084 | Depths:5 | Received a gift from Trog
 73154 | Zot:1    | Entered Level 1 of the Realm of Zot
 73209 | Zot:1    | Got a scintillating golden ring
 73210 | Zot:1    | Identified the ring "Jofaeroca" {MP+9 Int+4 Slay+3 Stlth+} (You found it on level 1 of the Realm of Zot)
 74257 | Zot:2    | Gained mutation: A frigid envelope surrounds you and freezes all who hurt you. [demonic ancestry]
 74257 | Zot:2    | Reached XP level 27. HP: 202/227 MP: 22/23
 74669 | Zot:1    | Reached skill level 21 in Fighting
 75090 | Zot:3    | Received a gift from Trog
 76131 | Zot:4    | Received a gift from Trog
 76259 | Zot:5    | Entered Level 5 of the Realm of Zot
 76346 | Zot:5    | Reached skill level 22 in Fighting
 76350 | Zot:5    | Noticed an orb of fire
 76356 | Zot:5    | Killed an orb of fire
 76407 | Zot:5    | Received a gift from Trog
 76435 | Zot:5    | Noticed an ancient lich
 76450 | Zot:5    | Killed an ancient lich
 76473 | Zot:5    | Noticed an ancient lich
 76485 | Zot:5    | Killed an ancient lich
 76832 | Zot:5    | Noticed an ancient lich
 76840 | Zot:5    | Killed an ancient lich
 76842 | Zot:5    | Received a gift from Trog
 76860 | Zot:5    | Noticed an orb of fire
 76887 | Zot:5    | Killed an orb of fire
 76926 | Zot:5    | Noticed an orb of fire
 76938 | Zot:5    | Killed an orb of fire
 76943 | Zot:5    | Noticed an orb of fire
 76945 | Zot:5    | Gained mutation: You are dopey. (Int -2) [an orb of fire]
 76952 | Zot:5    | Killed an orb of fire
 76952 | Zot:5    | Reached skill level 23 in Fighting
 76959 | Zot:5    | Noticed an orb of fire
 76959 | Zot:5    | Gained mutation: Armour fits poorly on your strangely shaped body. [an orb of fire]
 77016 | Zot:5    | Gained mutation: You are frail. (-10% HP) [an orb of fire]
 77018 | Zot:5    | Killed an orb of fire
 77040 | Zot:5    | Noticed an ancient lich
 77043 | Zot:5    | Killed an ancient lich
 77045 | Zot:5    | Reached skill level 10 in Armour
 77061 | Zot:5    | Lost mutation: You are frail. (-10% HP) [potion of cure mutation]
 77061 | Zot:5    | Lost mutation: Armour fits poorly on your strangely shaped body. [potion of cure mutation]
 77061 | Zot:5    | Lost mutation: You are dopey. (Int -2) [potion of cure mutation]
 77193 | Zot:5    | Received a gift from Trog
 77358 | Zot:5    | Received a gift from Trog
 77548 | Zot:5    | Got the Orb of Zot
 77612 | Zot:4    | Noticed Vakul the pandemonium lord
 77882 | Depths:1 | Noticed Lagrum the pandemonium lord
 78322 | D:$      | Escaped with the Orb!

Vault maps used:
D:1:      lemuel_arrival_hallway
D:2:      uniq_sigmund, uniq_natasha, uniq_terence, uniq_jessica
D:3:      first_bread
D:4:      minmay_temple_entry_glass, uniq_grinder
D:5:      serial_corexii_hall, corexii_hall_statues_s, corexii_hall_statues_t
D:6:      serial_shops, nicolae_shop_competitors_out_of_business,
          minmay_misc_feat_room
D:7:      nicolae_gozag_seed_capital, minivault_27
D:8:      vehumet_altar_wand_db, serial_co_window_serial,
          co_window_of_opportunity_a, co_window_of_opportunity_a,
          co_window_paths_a, co_window_corner_a, co_window_paths_a,
          co_window_paths_c, co_window_broadway_c, co_window_broadway_b,
          co_window_of_opportunity_c, co_window_sun, glass_columns_c,
          glass_columns_c, glass_columns_c, glass_columns_b,
          nemelex_lonely_heart_becter
D:9:      lemuel_doored_altar, chequers_temple_overflow_statue_of_worship,
          minmay_lair_entry_lava
D:10:     zombieorc1_lemuel, uniq_sonja
D:11:     cheibrodos_histonic
D:13:     grunt_vaults_entry_fortified, hangedman_fish_farm,
          roderic_serpentine_path, uniq_rupert, uniq_maurice
D:14:     hangedman_decor_growths
D:15:     grunt_enter_depths_hoard, serial_shops, nicolae_shop_trees,
          hangedman_abyss_or_decor_stabs
Temple:   regret_index_temple_sphere_string
Lair:2:   minmay_snake_entry_six_corridors, nicolae_volcano_entry_s_turn,
          uniq_urug, uniq_nergalle
Lair:3:   beast_lair_carwin_large_3, uniq_snorg
Lair:4:   swamp_mist_pool, serial_bayou_shore_b
Lair:5:   grunt_megastairs_1
Lair:6:   cheibrodos_lair_end_hotspot, slime_altar_1, minmay_lair_oklob_chamber
Swamp:1:  evilmike_swamp_ruin_rubble_2
Swamp:2:  cheibrodos_swamp_sealed, evilmike_swamp_ruin_house_1,
          nicolae_swamp_round_clearing, swamp_pool3, uniq_donald, uniq_roxanne
Swamp:3:  evilmike_swamp_ruin_house_3
Swamp:4:  swamp_basic_johnstein, uniq_kirke
Snake:1:  minmay_shoptagon
Snake:2:  grunt_ministairs_2, nicolae_snake_horde_hoard, uniq_asterion
Snake:3:  basic_altar
Snake:4:  grunt_snake_rune_pools, basic_altar
Slime:1:  cheibrodos_slime_lost_civilization_1, nicolae_slime_phagocytosis
Slime:2:  basic_altar
Orc:1:    nicolae_orc_accident_3, uniq_erica, uniq_erolcha
Orc:2:    pubby_orc_utopia
Elf:1:    eino_elf_arrival_sip, serial_shops,
          nicolae_shop_temple_entry_statues_fountains, evilmike_minifort,
          grunt_ministairs_4, uniq_agnes
Elf:2:    sword_in_stone
Elf:3:    elf_hall, serial_shops, nicolae_shop_window_shopping,
          nicolae_shop_overgrown_old_shop, shop,
          portal_ice_cave_entry_pillars_four
Vaults:1: v_misc_11, v_misc_30, ontoclasm_vaults_spin, vaults_mumra_hex,
          nicolae_vaults_octagons, v_alt_pattern_5, v_misc_4,
          vaults_mumra_chevron_long, ontoclasm_vaults_loading_screen,
          vaults_dpeg_encased_lava, v_misc_22, v_misc_22, serial_ice_b,
          nicolae_vaults_theta, vaults_dpeg_diagonal, vaults_room_ringed_pool,
          serial_shops, nicolae_shop_trees
Vaults:2: hangedman_vaults_cutoff, minmay_crypt_entry_simple_walls,
          ontoclasm_vaults_shuriken, vaults_mumra_lcd, dpeg_vaults_monster_row,
          v_misc_1, st_eye, hangedman_vaults_stitches, v_misc_18,
          hangedman_vaults_trim, uniq_frederick
Vaults:3: ontoclasm_vaults_eye, nicolae_vaults_c_with_doors, grunt_vaults_swirl,
          ontoclasm_vaults_tryst, ontoclasm_vaults_chip, ontoclasm_vaults_twist
Vaults:4: ontoclasm_vaults_pinch, v_misc_16, nicolae_vaults_meeting,
          vaults_room_corners, grunt_vaults_bifocal, v_alt_pattern_1,
          nicolae_vaults_little_squares_5, hangedman_vaults_stream,
          ontoclasm_vaults_decontamination, ontoclasm_vaults_gateway,
          dpeg_vaults_monster_box, serial_shops, shop_fountains
Vaults:5: serial_shops
Crypt:1:  grunt_crypt_arrival_webbed
Crypt:2:  basic_altar, grunt_megastairs_5
Crypt:3:  church_of_pain_bobbens, nicolae_tomb_entry_rubble_hallway,
          fountainhead, due_unseen_surprise
Depths:1: basic_altar, serial_shops, shop, pf_vacation_house_of_asmodeus,
          abyss_entry, mikee_hates_you, grunt_megastairs_4, minmay_shop_grove,
          serial_bayou_shore_a, uniq_sojobo
Depths:2: grunt_twist_and_shout, enter_ziggurat_c, kennysheep_decorative_pillar,
          hell_entry, minmay_misc_feat_enclosed, firewood_loft
Depths:3: box_level_dp, pan_entry, hell_entry
Depths:4: grated_community_mu, minmay_room_of_horrors, hell_entry,
          grunt_pan_entry_zigzag, nrook_pool_corridor
Depths:5: grunt_zot_entry_alcove, corexii_hall_statues_i, hell_entry,
          abyss_entry_crystal
Zot:4:    grunt_zot_stairs_faceoff, nicolae_zot_crop_circle
IceCv:    ice_cave_small_demon
Volcano:  volcano_grotto

Skill      XL: |  1  2  3  4  5  6  7  8  9 10 11 12 13 14 15 16 17 18 19 20 21 22 23 24 25 26 27 |
---------------+----------------------------------------------------------------------------------+-----
Dodging        | 2 3 4 6 7 8 9 10 11 12 15 17 19 21 | 21.0
Armour         | 2 3 5 6 7 8 11 | 11.3
Long Blades    | 3 |  3.6
Fighting       | 4 5 7 8 9 10 11 12 13 14 16 18 20 23 | 23.6
Unarmed Combat | 1 3 5 6 7 9 10 11 12 13 14 15 16 17 19 20 21 | 21.6
Throwing       | 2 5 6 8 10 11 12 14 15 16 18 19 | 19.0
Shields        | 2 4 6 8 11 12 14 15 17 19 20 | 20.1

Action                   |  1- 3 |  4- 6 |  7- 9 | 10-12 | 13-15 | 16-18 | 19-21 | 22-24 | 25-27 || total
-------------------------+-------+-------+-------+-------+-------+-------+-------+-------+-------++-------
Melee: Falchion          |    82 |   190 |   174 |       |       |       |       |       |       ||   446
       Punch             |       |     2 |    11 |    13 |       |       |       |       |       ||    26
       Headbutt          |       |       |    79 |   162 |   397 |   335 |   506 |   650 |   589 ||  2718
       Unarmed           |       |       |   119 |   608 |  1577 |  1333 |  1710 |  1962 |  1704 ||  9013
       Short sword       |       |       |    57 |    26 |       |       |       |       |       ||    83
       Dagger            |       |       |    43 |       |       |       |       |       |       ||    43
       Mace              |       |       |       |    17 |       |       |       |       |       ||    17
       Kick              |       |       |       |   174 |   603 |   481 |   572 |   971 |   908 ||  3709
       Scimitar          |       |       |       |       |       |    16 |       |       |       ||    16
 Fire: Blowgun           |       |       |       |       |       |     6 |       |       |    16 ||    22
Throw: Tomahawk          |       |       |       |       |    86 |   238 |     6 |       |       ||   330
       Javelin           |       |       |       |       |     4 |    18 |    23 |   208 |   372 ||   625
       Throwing net      |       |       |       |       |       |       |     1 |       |       ||     1
Invok: Berserk           |     1 |     3 |     9 |    20 |    11 |    12 |     2 |     4 |    10 ||    72
       Trog's Hand       |       |     1 |       |     4 |     6 |    12 |    15 |    26 |    18 ||    82
       Burn Spellbooks   |       |       |       |     1 |     3 |     2 |     6 |     8 |     3 ||    23
       Brothers in Arms  |       |       |       |       |     2 |     2 |       |       |     6 ||    10
Evoke: Wand              |       |       |       |     3 |     8 |     6 |     4 |     3 |    21 ||    45
       Lightning rod     |       |       |       |       |       |     4 |     4 |       |     8 ||    16
  Use: Scroll            |       |       |    11 |    14 |    17 |    10 |     9 |    19 |    31 ||   111
       Potion            |       |       |     1 |     2 |     4 |     7 |     9 |    10 |    21 ||    54
 Stab: Sleeping          |     1 |     1 |     1 |     3 |     1 |       |       |       |     1 ||     8
       Betrayed ally     |       |       |       |     3 |       |       |       |       |       ||     3
       Distracted        |       |       |       |     3 |     7 |     5 |    10 |     3 |     7 ||    35
       Confused          |       |       |       |       |       |     1 |       |       |     1 ||     2
  Eat: Chunk             |     1 |    10 |    26 |    35 |    46 |    17 |    29 |     7 |     5 ||   176
       Royal jelly       |       |       |       |     3 |     6 |     2 |     1 |     4 |     9 ||    25
       Fruit             |       |       |       |       |     6 |     3 |     7 |     6 |     4 ||    26
       Meat ration       |       |       |       |       |       |     7 |     3 |     6 |     8 ||    24
Armor: Animal skin       |     9 |       |       |       |       |       |       |       |       ||     9
       Leather armour    |     4 |    63 |    36 |       |       |       |       |       |       ||   103
       Chain mail        |       |       |    32 |    32 |   188 |       |       |       |       ||   252
       Troll leather arm |       |       |       |    47 |    63 |       |       |       |       ||   110
       Swamp dragon scal |       |       |       |       |    73 |   205 |   179 |   203 |   128 ||   788
       Plate armour      |       |       |       |       |       |       |    30 |       |       ||    30
Dodge: Dodged            |    45 |   156 |   270 |   404 |   865 |   575 |   438 |   387 |   526 ||  3666
Block: Buckler           |       |       |       |    54 |   493 |       |       |       |       ||   547
       Reflection        |       |       |       |       |     9 |   125 |   113 |    53 |   158 ||   458
       Shield            |       |       |       |       |   241 |  1017 |   657 |       |       ||  1915
       Large shield      |       |       |       |       |       |       |   494 |  1794 |  1714 ||  4002
       Rpst.: Falchion   |    20 |    58 |    45 |       |       |       |       |       |       ||   123
       Scimitar          |       |       |       |       |       |     4 |       |       |       ||     4
